2 x 250/9

Match 27151187
End
Engineer Squad
Selects Special Operations Battlegroup
Selects M29 Weasel Recon Vehicle
Selects M29 Weasel Recon Vehicle
M29 Weasel Recon Vehicle
Construct Barracks
Riflemen Squad
Riflemen Squad
Construct Medical Station
Mechanized Support Center
Construct Motor Pool
Designate Forward Repair Station
M8 Greyhound Armored Car
Rearm and Retrofit
Riflemen Squad
1⁄4-ton 4x4 Truck
Selects Raiding Flares
Selects SSF Commando Squad
M1 Anti-tank Gun Team
M1918 Browning Automatic Rifles
prabuty
Pie-Eater
0
0

Comments sign in to comment!

No comments posted yet!